AoeStats
← Jimbo990

Black Forest

512949417Analyzed
4v4 RM · 4d ago on Oct 11, 2026· 54m 46s· 8 players
Game mode
Random Map
Map size
Large (8 player)
Population
200
Speed
Normal
Resources
Standard
Victory
Conquest
Starting age
Dark Age
Ending age
Imperial Age
RankedLock teamsTeams togetherTeam positionsShared explorationLock speedFull tech treeHidden civsTurbo modeCheats
Victory
Defeat
🇮🇪 Khitans · Ireland
642
+11
🇬🇧 Persians · United Kingdom
567
+14
🇺🇸 Britons · United States
564
+14
🇺🇸 Huns · United States
512
+16
vs
🇨🇳 Britons · China
601
-17
🇺🇸 Persians · United States
534
-14
🇨🇾 Teutons · Cyprus
471
-12
🇷🇴 Magyars · Romania
470
-12
DvDCover1028
12:39 Feudal Age
13:23 Domestication
14:20 Wheelbarrow
13:34 Town Watch
16:03 Double-Bit Axe
18:06 Fletching
22:15 Castle Age
21:51 Gold Mining
23:20 Bodkin Arrow
23:43 Hand Cart
23:54 Bow Saw
24:56 Gambesons
25:13 Squires
24:59 Arson
25:47 Pastoralism
28:15 Forging
29:50 Caravan
31:50 Town Patrol
33:04 Husbandry
33:12 Scale Barding Armor
34:30 Iron Casting
36:46 Imperial Age
36:16 Chain Barding Armor
38:07 Plate Barding Armor
37:00 Elite Steppe Lancer
38:14 Conscription
40:25 Transhumance
Jimbo990
10:04 Feudal Age
10:52 Loom
17:12 Double-Bit Axe
17:10 Horse Collar
22:03 Castle Age
23:28 Heavy Plow
23:43 Bow Saw
32:44 Imperial Age
30:13 Murder Holes
31:43 Caravan
32:09 Masonry
37:24 Elite War Elephant
38:40 Town Watch
39:30 Wheelbarrow
39:42 Architecture
40:12 Chemistry
39:34 Ballistics
40:32 Cavalier
41:47 Fletching
42:07 Forging
43:24 Gold Mining
47:38 Citadels
47:29 Kamandaran
48:07 Hoardings
48:18 Hoardings
48:03 Conscription
47:16 Sappers
49:55 Savar
51:06 Scale Barding Armor
51:52 Crop Rotation
LeinadRellek
1:21 Loom
13:04 Feudal Age
13:31 Double-Bit Axe
13:30 Horse Collar
13:55 Gold Mining
22:44 Castle Age
21:11 Stone Mining
25:42 Gold Shaft Mining
26:09 Wheelbarrow
25:20 Town Watch
27:55 Bow Saw
28:49 Heavy Plow
29:17 Hand Cart
29:03 Town Patrol
32:41 Caravan
33:15 Fortified Wall
35:58 Imperial Age
34:01 Fletching
34:12 Padded Archer Armor
34:22 Forging
35:53 Devotion
36:14 Sanctity
36:39 Ballistics
36:15 Murder Holes
36:11 Heated Shot
38:22 Chemistry
37:03 Treadmill Crane
37:33 Masonry
38:52 Two-Man Saw
39:18 Two-Man Saw
39:03 Coinage
38:44 Guilds
38:34 Crossbowman
39:39 Leather Archer Armor
38:58 Pikeman
39:39 Squires
41:08 Hoardings
41:14 Ring Archer Armor
41:57 Architecture
42:07 Iron Casting
42:22 Bodkin Arrow
42:25 Elite Longbowman
44:14 Yeomen
43:25 Sappers
45:16 Blast Furnace
44:18 Scale Mail Armor
44:12 Arbalester
45:49 Elite Skirmisher
45:50 Cranequins
47:04 Conscription
46:39 Halberdier
47:13 Capped Ram
48:57 Banking
54:26 Heavy Mounted Crossbowman
Ambwind
4:49 Loom
14:18 Feudal Age
15:56 Double-Bit Axe
23:23 Castle Age
25:04 Bow Saw
24:39 Horse Collar
27:57 Heavy Plow
34:57 Husbandry
35:07 Bloodlines
34:18 Light Cavalry
35:10 Caravan
37:57 Imperial Age
36:24 Wheelbarrow
37:33 Hand Cart
37:07 Town Watch
39:02 Cavalier
39:03 Hussar
39:53 Town Patrol
40:10 Paladin
42:05 Atheism
42:06 Conscription
43:43 Forging
43:39 Scale Barding Armor
46:22 Chain Barding Armor
46:37 Iron Casting
48:28 Sappers
53:21 Guilds
56:11 Blast Furnace
55:50 Plate Barding Armor
DaRealDeeX2
5:44 Loom
14:34 Feudal Age
16:12 Double-Bit Axe
21:18 Castle Age
20:24 Stone Mining
20:26 Gold Mining
21:10 Crossbowman
24:11 Wheelbarrow
24:15 Bow Saw
26:35 Padded Archer Armor
32:49 Horse Collar
34:58 Stone Shaft Mining
40:32 Heavy Plow
44:42 Hand Cart
44:47 Pikeman
47:17 Arson
47:33 Squires
47:18 Gambesons
bottl
11:55 Feudal Age
10:11 Loom
14:57 Wheelbarrow
14:25 Double-Bit Axe
18:48 Castle Age
19:29 Wheelbarrow
21:49 Horse Collar
23:02 Hand Cart
24:52 Gold Mining
24:52 Stone Mining
26:55 Coinage
26:29 Caravan
32:57 Imperial Age
30:53 Bow Saw
31:04 Heavy Plow
33:25 Elite Magyar Huszar
34:28 Conscription
34:22 Bloodlines
34:13 Husbandry
36:32 Scale Barding Armor
36:48 Corvinian Army
36:10 Elite Magyar Huszar
39:03 Recurve Bow
39:13 Thumb Ring
38:29 Heavy Cavalry Archer
39:34 Parthian Tactics
40:26 Two-Man Saw
39:59 Crop Rotation
40:57 Chain Barding Armor
40:43 Light Cavalry
43:14 Plate Barding Armor
46:12 Hussar
DoneHealer17475
0:39 Loom
15:57 Feudal Age
17:01 Town Watch
17:16 Double-Bit Axe
19:18 Wheelbarrow
18:28 Horse Collar
28:39 Gold Mining
32:23 Castle Age
30:22 Stone Mining
30:50 Forging
30:41 Scale Mail Armor
30:46 Scale Barding Armor
30:42 Padded Archer Armor
30:33 Fletching
33:02 Bloodlines
33:50 Hand Cart
33:35 Town Patrol
33:38 Heavy Plow
33:53 Bow Saw
34:24 Stone Shaft Mining
35:14 Bodkin Arrow
35:54 Iron Casting
38:11 Caravan
42:54 Imperial Age
42:22 Coinage
42:11 Chain Mail Armor
41:45 Crossbowman
43:18 Arson
43:34 Squires
42:54 Pikeman
45:34 Heavy Scorpion
45:43 Halberdier
45:48 Elite Skirmisher
48:16 Cavalier
50:38 Elite Teutonic Knight
76561199640613672
9:59 Feudal Age
11:35 Double-Bit Axe
21:34 Castle Age
24:43 Horse Collar
27:22 Heavy Plow
27:47 Bow Saw
35:23 Imperial Age
33:37 Padded Archer Armor
33:29 Fletching
39:22 Imperial Age
40:03 Gold Mining
40:03 Stone Mining
42:47 Gold Shaft Mining
47:30 Elite Longbowman
49:09 Yeomen
51:05 Leather Archer Armor
50:46 Bodkin Arrow
Connection lost

Rejoining the realm…

Still unreachable

The connection could not be restored.

Session expired

The server has moved on; the page needs a fresh start.